 Dungeon Crawl Stone Soup version 0.29-a0-559-g359e09b9d1 (webtiles) character file.

Game seed: 11495432195651468456

11 Pelinal the Vexing (level 2, 19/21 HPs)
             Began as a Barachi Arcane Marksman on June 10, 2022.
             Quit the game on level 1 of the Dungeon.
             The game lasted 00:01:08 (321 turns).

Pelinal the Vexing (Barachi Arcane Marksman)         Turns: 321, Time: 00:01:09

Health: 19/21      AC:  2    Str: 11    XL:     2   Next: 25%
Magic:  3/3        EV: 12    Int: 13    God:
Gold:   4          SH:  0    Dex: 12    Spells: 2/3 levels left

rFire   . . .      SeeInvis .   a - +0 shortbow
rCold   . . .      Faith    .   (shield currently unavailable)
rNeg    . . .      Spirit   .   b - +0 robe
rPois   .          Reflect  .   (no helmet)
rElec   .          Harm     .   (no cloak)
rCorr   .          Rampage  .   (no gloves)
Will    .....                   (no boots)
Stlth   +.........              (no amulet)
HPRegen 0.07/turn               (no ring)
MPRegen 0.08/turn               (no ring)

@: slow
A: amphibious, slowness 1, strong legs 1, +LOS
a: Hop


You were on level 1 of the Dungeon.
You visited 1 branch of the dungeon, and saw 1 of its levels.

You collected 4 gold pieces.

Inventory:

Hand Weapons
 a - a +0 shortbow (weapon)
Armour
 b - a +0 robe (worn)
Scrolls
 c - a scroll of vulnerability


   Skills:
 - Level 1.3 Fighting
 + Level 2.7 Bows
 - Level 2.2 Dodging
 - Level 1.1 Spellcasting
 - Level 3.3 Hexes


You had 2 spell levels left.
You knew the following spells:

 Your Spells              Type           Power      Damage    Failure   Level
a - Slow                  Hex            36%        N/A       7%          1

Your spell library contained the following spells:

 Spells                   Type           Power      Damage    Failure   Level
 Inner Flame              Hex/Fire       5%         N/A       38%         3
 Portal Projectile        Hex/Tloc       10%        N/A       38%         3
 Cause Fear               Hex            4%         N/A       56%         4


Dungeon Overview and Level Annotations

Branches:
Dungeon (1/15)

Altars:


Innate Abilities, Weirdness & Mutations

You are amphibious.
You cover ground slowly.
You can hop short distances.
You have an extended range of vision and can be seen from far away.


Message History

The dart slug is severely wounded.
Unknown command.
Shoot: a) +0 shortbow
Press: ? - help, Q - select action, (/) - cycle Shift-Dir - straight line, f/p - dart slug
Aim: a dart slug (severely wounded, 93% to hit)
You shoot an arrow. The arrow hits the dart slug!
You kill the dart slug!
Unknown command.
You see here a dart slug corpse.
A bat comes into view.
The bat completely misses you.
Shoot: a) +0 shortbow
Press: ? - help, Q - select action, (/) - cycle Shift-Dir - straight line, f - bat
Aim: a bat (42% to hit)
You shoot an arrow. The arrow closely misses the bat.
The bat closely misses you. The bat barely misses you.
Unknown command.
Shoot: a) +0 shortbow
Press: ? - help, Q - select action, (/) - cycle Shift-Dir - straight line, f/p - bat
Aim: a bat (42% to hit)
You shoot an arrow. The arrow closely misses the bat.
The bat hits you.
Unknown command.
Shoot: a) +0 shortbow
Press: ? - help, Q - select action, (/) - cycle Shift-Dir - straight line, f/p - bat
Aim: a bat (42% to hit)
You shoot an arrow. The arrow hits the bat.
The bat is moderately wounded.
The bat hits you. The bat barely misses you.
Shoot: a) +0 shortbow
Press: ? - help, Q - select action, (/) - cycle Shift-Dir - straight line, f/p - bat
Aim: a bat (moderately wounded, 42% to hit)
You shoot an arrow. The arrow hits the bat!
You kill the bat!
Unknown command.
Shoot: a) +0 shortbow
Press: ? - help, Q - select action, (/) - cycle Shift-Dir - straight line, f - you Really target yourself?
Okay, then.
Are you sure you want to abandon this character and quit the game? (Confirm with "yes".)

####### ......#
#####.# # #.# .#
#.# .# #.# #.####
#.# .....## #.#
####......# #.#
#..@###...# #.#
#####.†....#
#.####...#..###..#
#....#....†.# .#
##)..##+##..# #
#...# #..# #...#
#..#
##.#######.######.#
#................#


There were no monsters in sight!

Vanquished Creatures
  2 dart slugs (D:1)
  A goblin (D:1)
  2 bats (D:1)
  2 kobolds (D:1)
  2 rats (D:1)
9 creatures vanquished.

Notes
Turn   | Place    | Note
-------+----------+-------------------------------------------
     0 | D:1      | Pelinal the Barachi Arcane Marksman began the quest for the
                  | Orb.
     0 | D:1      | Reached XP level 1. HP: 15/15 MP: 2/2
   242 | D:1      | Reached XP level 2. HP: 18/21 MP: 3/3
   321 | D:1      | Quit the game

Illustrated notes

Levels and vault maps discovered:
D:1:      sevenhm_arrival_forest_fort_small_5, layout_loops_ring,
          shapermc_ecumenical_altar_mp_vishouse

Action                   || total
-------------------------++-------
 Fire: Shortbow          ||    31
 Cast: Slow              ||     1
 Abil: Hop               ||     2
Dodge: Dodged            ||     7

Table legend: (Time is in decaauts)
 A = Elapsed time spent in this place.
 B = Non-inter-level travel time spent in this place.
 C = Inter-level travel time spent in this place.
 D = Time resting spent in this place.
 E = Time spent auto-exploring this place.
 F = Levels seen in this place.
 G = Mean time per level.
                   A        B        C        D        E       F      G
               +--------+--------+--------+--------+--------+-----+--------+
         Total |    352 |    352 |      0 |    113 |    165 |   1 |  352.0 |
       Dungeon |    352 |    352 |      0 |    113 |    165 |   1 |  352.0 |
               +--------+--------+--------+--------+--------+-----+--------+

Top non-repeatable levels by time:
     D:1: 352 daAuts
